 Dungeon Crawl Stone Soup version 0.31-a0-188-g5e087ee2ca (webtiles) character file.

Game seed: 13233756407559199034

74 qw the Shooter (level 4, -2/25 HPs)
             Began as a Deep Elf Hunter on June 22, 2023.
             Frozen to death by an endoplasm (4 damage)
             ... on level 2 of the Dungeon.
             The game lasted 00:00:25 (653 turns).

qw the Shooter (Deep Elf Hunter)                     Turns: 653, Time: 00:00:25

Health: -2/25      AC:  6    Str: 10    XL:     4   Next: 10%
Magic:  6/6        EV:  9    Int: 14    God:
Gold:   41         SH:  0    Dex: 18    Spells: 3/3 levels left

rFire   . . .        Y - +0 shortbow
rCold   . . .        (shield currently unavailable)
rNeg    . . .        n - +0 scale mail
rPois   .            (no helmet)
rElec   .            (no cloak)
rCorr   .            (no gloves)
SInv    .            (no boots)
Will    .....        (no amulet)
Stlth   +            (no ring)
HPRegen 0.24/turn    (no ring)
MPRegen 0.10/turn

%: no passive effects
@: about to teleport
A: no striking features
a: no special abilities


You were on level 2 of the Dungeon.
You visited 1 branch of the dungeon, and saw 2 of its levels.

You collected 41 gold pieces.


   Skills:
 - Level 1.5 Fighting
 + Level 7.5 Ranged Weapons
 - Level 2.4 Dodging
 - Level 1.2 Stealth


You had 3 spell levels left.
You didn't know any spells.
Your spell library was empty.

Inventory:

Hand Weapons
 Y - a +0 shortbow (weapon)
Armour
 n - a +0 scale mail (worn)
Potions
 d - a potion of mutation {unknown}
 e - a potion of might {unknown}
 h - a potion of degeneration {unknown}
 i - a potion of haste {unknown}
 k - a potion of brilliance {unknown}
 m - a potion of curing

Dungeon Overview and Level Annotations

Branches:
Dungeon (2/15)

Altars:


Message History

The adder bites you but does no damage. The endoplasm barely misses you.
You shoot an arrow.
The arrow hits the adder but does no damage.
The adder is severely wounded.
You feel sick. The adder bites you but does no damage.
The endoplasm freezes you.
You are frozen.
The adder closely misses you.
You shoot an arrow. The arrow closely misses the adder.
The arrow hits the endoplasm.
The endoplasm is severely wounded.
You feel sick.
You are no longer poisoned.
The adder bites you.
The endoplasm hits you but does no damage.
You shoot an arrow. The arrow hits the adder!
You kill the adder!
The endoplasm barely misses you. The endoplasm freezes you.
You are frozen.
The endoplasm barely misses you. The endoplasm freezes you.
You are frozen.
You have reached level 4!
You feel clever.
651 ||| READING scroll of teleportation.
As you read the scroll of teleportation, it crumbles to dust.
You feel strangely unstable.
The endoplasm hits you but does no damage.
The endoplasm closely misses you.
You shoot an arrow.
The arrow hits the endoplasm but does no damage.
The endoplasm is severely wounded.
The endoplasm hits you but does no damage.
The endoplasm freezes you.
You are frozen.
You shoot an arrow.
The arrow hits the endoplasm but does no damage.
The endoplasm is severely wounded.
The endoplasm hits you but does no damage.
The endoplasm freezes you.
You are frozen.
You die...

#...........# ...
#.........#.# #. ......
............##. ......
..)............##.#..#
........>....###....#
#<...........<#.#..###.
#..[........#.#...#....
##............J%J......
##.............@..$....
#...................##.
#...)......^....$...#
#.......##.............
##.....#.........######
##................
......############
##...### ...#


You could see 2 endoplasms.

Vanquished Creatures
  3 gnolls
  An adder (D:2)
  6 ball pythons (D:1)
  4 endoplasms
  A giant cockroach (D:1)
  2 goblins (D:1)
  4 hobgoblins (D:1)
  A quokka (D:1)
  5 bats (D:1)
  A frilled lizard (D:1)
  2 kobolds (D:1)
  6 rats (D:1)
36 creatures vanquished.

Notes
Turn   | Place    | Note
-------+----------+-------------------------------------------
     0 | D:1      | qw the Deep Elf Hunter began the quest for the Orb.
     0 | D:1      | Reached XP level 1. HP: 12/12 MP: 3/3
     0 | D:1      | 0 ||| qw: Version: 0.3-a-9-g12657ce
     0 | D:1      | 0 ||| qw: Game counter: 2936
     0 | D:1      | 0 ||| qw: Always use a shield: true
     0 | D:1      | 0 ||| qw: God list: Okawaru
     0 | D:1      | 0 ||| qw: Allow faded altars: false
     0 | D:1      | 0 ||| qw: Do Orc after D:15 true
     0 | D:1      | 0 ||| qw: Do second Lair branch before Depths: true
     0 | D:1      | 0 ||| qw: Lair rune preference: random
     0 | D:1      | 0 ||| qw: Plans: Normal
     0 | D:1      | 0 ||| PLANNING D:1-11
   100 | D:1      | Reached skill level 6 in Ranged Weapons
   100 | D:1      | Reached XP level 2. HP: 16/16 MP: 4/4
   301 | D:1      | Reached XP level 3. HP: 20/20 MP: 5/5
   518 | D:1      | 518 ||| UPGRADING to +0 scale mail.
   528 | D:1      | 528 ||| DROPPING +0 leather armour.
   529 | D:1      | 529 ||| DROPPING ring of magical power.
   530 | D:1      | 530 ||| READING scroll labelled PUNUMI VEDWEAF.
   533 | D:1      | 533 ||| READING scroll labelled JEHAIH JUYRO.
   534 | D:1      | 534 ||| READING scroll labelled MESA YCVEUNOKA.
   535 | D:1      | 535 ||| DRINKING 2 brown potions.
   536 | D:1      | 536 ||| DROPPING scroll of butterflies.
   553 | D:2      | 553 ||| STAIRDANCE
   558 | D:1      | Reached skill level 7 in Ranged Weapons
   650 | D:2      | HP: 2/20 [frozen (4)]
   651 | D:2      | Reached XP level 4. HP: 3/25 MP: 6/6
   651 | D:2      | 651 ||| READING scroll of teleportation.
   653 | D:2      | Frozen to death by an endoplasm

Levels and vault maps discovered:
D:1:      lemuel_arrival_river_bridge, layout_rooms
D:2:      layout_rooms

Skill      XL: |  1  2  3 |
---------------+----------+-----
Ranged Weapons | 6 7 |  7.5
Fighting       | |  1.5
Dodging        | |  2.4
Stealth        | |  1.2

Action                     |  1- 3 |  4- 6 || total
---------------------------+-------+-------++-------
   Fire: Shortbow          |   100 |     2 ||   102
    Use: Scroll            |     3 |     1 ||     4
         Potion            |     1 |       ||     1
 Armour: Leather armour    |     3 |       ||     3
         Scale mail        |     7 |     3 ||    10
  Dodge: Dodged            |    33 |     1 ||    34

Table legend:
 A = Non-vault XP
 B = Vault XP
 C = Vault XP percentage of total XP
 D = Non-vault monster count
 E = Vault monster count
 F = Vault count percentage of total count
                 A         B        C        D         E       F
            +---------+---------+-------+---------+---------+-------
      Total |     107 |       0 |   0.0 |      36 |       0 |   0.0
            +---------+---------+-------+---------+---------+-------
        D:1 |      77 |       0 |   0.0 |      33 |       0 |   0.0
        D:2 |      30 |       0 |   0.0 |       3 |       0 |   0.0
            +---------+---------+-------+---------+---------+-------
